[Event "EYTCC Open U18 2022"]
[Site "Thessaloniki"]
[Date "2022.07.13"]
[Round "2.1"]
[White "Milikow, Yoav"]
[Black "Filip, Andrei"]
[Result "1-0"]
[ECO "E32"]
[WhiteElo "2452"]
[BlackElo "2344"]
[Annotator "ChessBase"]
[PlyCount "91"]
[EventDate "2022.07.12"]
[EventType "team-tourn"]
[EventCountry "GRE"]
[SourceTitle "playchess.com"]
[Source "ChessBase"]
[SourceQuality "1"]
[WhiteTeam "Israel"]
[BlackTeam "Romania"]
[WhiteTeamCountry "ISR"]
[BlackTeamCountry "ROU"]
[TimeControl "40/5400+30:1800+30"]

1. d4 Nf6 2. c4 e6 3. Nc3 Bb4 4. Qc2 O-O 5. Nf3 c5 6. dxc5 Na6 7. c6 bxc6 8. e3 d5 9. Bd2 Nc7 10. Be2 a5 11. O-O Qe7 12. a3 Bd6 13. Rac1 Nd7 14. e4 Bb7 15. exd5 cxd5 16. Bd3 h6 17. Rfe1 Qd8 18. Rcd1 Nc5 19. Be3 Nxd3 20. Qxd3 Ba6 21. Nb5 Nxb5 22. cxb5 Bb7 23. Bd4 Re8 24. Ne5 Rc8 25. f4 Qh4 26. Re3 Bc5 27. Rf1 Bxd4 28. Qxd4 Rc2 29. Rg3 Qf6 30. Qb6 Qe7 31. Qd4 Qf6 32. Qa4 Rec8 33. h3 Qd8 34. Qd4 Qf6 35. Kh2 h5 36. Rg5 Re2 37. Rf3 Re4 38. Qb6 Ba8 39. Rfg3 h4 40. Rxg7+ Qxg7 41. Rxg7+ Kxg7 42. Qf2 Rh8 43. Qf3 f5 44. Qc3 Rh7 45. Qc7+ Kh6 46. Qd8 1-0

[Event "EYTCC Open U18 2022"]
[Site "Thessaloniki"]
[Date "2022.07.13"]
[Round "2.2"]
[White "Stepanencu, Nicodim-Cosmin"]
[Black "Rozen, Eytan"]
[Result "1/2-1/2"]
[ECO "D30"]
[WhiteElo "2277"]
[BlackElo "2465"]
[Annotator "ChessBase"]
[PlyCount "74"]
[EventDate "2022.07.12"]
[EventType "team-tourn"]
[EventCountry "GRE"]
[SourceTitle "playchess.com"]
[Source "ChessBase"]
[SourceQuality "1"]
[WhiteTeam "Romania"]
[BlackTeam "Israel"]
[WhiteTeamCountry "ROU"]
[BlackTeamCountry "ISR"]
[TimeControl "40/5400+30:1800+30"]

1. d4 d5 2. c4 e6 3. Nf3 dxc4 4. Qa4+ Nd7 5. g3 a6 6. Qxc4 b5 7. Qc2 Bb7 8. Bg2 c5 9. dxc5 Bxc5 10. Nbd2 Ngf6 11. O-O Rc8 12. Qb1 Qe7 13. Ng5 Bxg2 14. Kxg2 O-O 15. a4 Bb6 16. axb5 axb5 17. Nde4 h6 18. Nf3 Nxe4 19. Qxe4 Rc4 20. Qb7 Rc7 21. Qe4 Rc4 22. Qb7 Rc7 23. Qe4 e5 24. Rd1 Qe6 25. b3 Qxb3 26. Ba3 f5 27. Qd5+ Qxd5 28. Rxd5 Ra8 29. Bb2 Rxa1 30. Bxa1 b4 31. Nxe5 Nxe5 32. Rxe5 Rc1 33. Re8+ Kf7 34. Rb8 Bc7 35. Rb7 Rxa1 36. Rxc7+ Kf6 37. Rb7 Ke5 1/2-1/2

[Event "EYTCC Open U18 2022"]
[Site "Thessaloniki"]
[Date "2022.07.13"]
[Round "2.3"]
[White "Ben Ari, Yannay"]
[Black "Antonica, Dragos-Andrei"]
[Result "1/2-1/2"]
[ECO "E65"]
[WhiteElo "2411"]
[BlackElo "2355"]
[Annotator "ChessBase"]
[PlyCount "79"]
[EventDate "2022.07.12"]
[EventType "team-tourn"]
[EventCountry "GRE"]
[SourceTitle "playchess.com"]
[Source "ChessBase"]
[SourceQuality "1"]
[WhiteTeam "Israel"]
[BlackTeam "Romania"]
[WhiteTeamCountry "ISR"]
[BlackTeamCountry "ROU"]
[TimeControl "40/5400+30:1800+30"]

1. d4 Nf6 2. c4 g6 3. Nf3 Bg7 4. g3 d6 5. Bg2 O-O 6. Nc3 c5 7. O-O Nc6 8. dxc5 dxc5 9. Bf4 Nh5 10. Be3 b6 11. Qc1 Bb7 12. Rd1 Qc8 13. Bh6 Qg4 14. Nd5 Rad8 15. h3 Qe6 16. Bxg7 Nxg7 17. Qc3 Nf5 18. e3 Nd6 19. Ng5 Qf5 20. h4 h6 21. Nh3 Rfe8 22. Re1 Qe5 23. b3 Qxc3 24. Nxc3 Ne5 25. Red1 Bxg2 26. Kxg2 Nf5 27. Nd5 Nc6 28. Nhf4 h5 29. Rd3 Kf8 30. Rad1 e6 31. Nf6 Rxd3 32. Rxd3 Rd8 33. Rxd8+ Nxd8 34. Nd7+ Ke7 35. Ne5 Kd6 36. Nfd3 Ne7 37. Nf3 Nec6 38. Ng5 Ke7 39. Kf3 Nb7 40. Ke2 1/2-1/2

[Event "EYTCC Open U18 2022"]
[Site "Thessaloniki"]
[Date "2022.07.13"]
[Round "2.3"]
[White "Morgunov, Marc"]
[Black "Budisavljevic, Luka"]
[Result "*"]
[ECO "A50"]
[WhiteElo "2376"]
[BlackElo "2511"]
[Annotator "ChessBase"]
[PlyCount "21"]
[EventDate "2022.07.12"]
[EventType "team-tourn"]
[EventCountry "GRE"]
[SourceTitle "playchess.com"]
[Source "ChessBase"]
[SourceQuality "1"]
[WhiteTeam "Austria"]
[BlackTeam "Serbia"]
[WhiteTeamCountry "AUT"]
[BlackTeamCountry "SRB"]
[TimeControl "40/5400+30:1800+30"]

1. d4 Nf6 2. c4 g6 3. Nf3 Bg7 4. g3 d6 5. Bg2 O-O 6. Nc3 c5 7. O-O Nc6 8. dxc5 dxc5 9. Bf4 Nh5 10. Be3 b6 11. Qc1 *

[Event "EYTCC Open U18 2022"]
[Site "Thessaloniki"]
[Date "2022.07.13"]
[Round "2.4"]
[White "Antal, Hunor-Zoltan"]
[Black "Milikow, Elie"]
[Result "0-1"]
[ECO "A06"]
[WhiteElo "2263"]
[BlackElo "2433"]
[Annotator "ChessBase"]
[PlyCount "96"]
[EventDate "2022.07.12"]
[EventType "team-tourn"]
[EventCountry "GRE"]
[SourceTitle "playchess.com"]
[Source "ChessBase"]
[SourceQuality "1"]
[WhiteTeam "Romania"]
[BlackTeam "Israel"]
[WhiteTeamCountry "ROU"]
[BlackTeamCountry "ISR"]
[TimeControl "40/5400+30:1800+30"]

1. Nf3 d5 2. e3 Nf6 3. b3 g6 4. Bb2 Bg7 5. c4 c6 6. Nc3 O-O 7. d4 Re8 8. Bd3 Bg4 9. O-O Nbd7 10. cxd5 cxd5 11. h3 Bxf3 12. Qxf3 e5 13. dxe5 Nxe5 14. Qd1 Rc8 15. Ne2 Ne4 16. Nd4 Qa5 17. Qe2 Nc3 18. Qd2 Nxd3 19. Qxd3 Bxd4 20. exd4 Ne2+ 21. Kh2 Qc7+ 22. g3 Qc2 23. Qxc2 Rxc2 24. Rab1 f5 25. Kg2 f4 26. g4 Ng3 27. Rfc1 Ree2 28. Rxc2 Rxc2 29. Ba3 Rxa2 30. Rb2 Rxb2 31. Bxb2 Ne4 32. h4 h6 33. Bc1 g5 34. h5 Kf7 35. f3 Nd6 36. Kf2 a5 37. Ba3 Ke6 38. Ke2 b5 39. Kd3 b4 40. Bb2 Kd7 41. Kc2 Kc6 42. Bc1 Nb5 43. Kd3 Nc7 44. Bd2 Ne6 45. Be1 Kb5 46. Bf2 a4 47. Kc2 axb3+ 48. Kxb3 Nd8 0-1

[Event "EYTCC Open U18 2022"]
[Site "Thessaloniki"]
[Date "2022.07.13"]
[Round "2.5"]
[White "Subelj, Jan"]
[Black "Baum, Jonasz"]
[Result "*"]
[ECO "A15"]
[WhiteElo "2498"]
[BlackElo "2410"]
[Annotator "ChessBase"]
[PlyCount "23"]
[EventDate "2022.07.12"]
[EventType "team-tourn"]
[EventCountry "GRE"]
[SourceTitle "playchess.com"]
[Source "ChessBase"]
[SourceQuality "1"]
[WhiteTeam "Slovenia"]
[BlackTeam "Poland"]
[WhiteTeamCountry "SLO"]
[BlackTeamCountry "POL"]
[TimeControl "40/5400+30:1800+30"]

1. c4 Nf6 2. g3 g6 3. Bg2 Bg7 4. Nc3 O-O 5. Nf3 d6 6. O-O Nc6 7. d4 Bd7 8. d5 Na5 9. Qd3 c5 10. e4 a6 11. Bg5 Ng4 12. Rae1 *

[Event "EYTCC Open U18 2022"]
[Site "Thessaloniki"]
[Date "2022.07.13"]
[Round "2.5"]
[White "Borhy, Marcell"]
[Black "Trost, Edvin"]
[Result "0-1"]
[ECO "A15"]
[WhiteElo "2411"]
[BlackElo "2345"]
[Annotator "ChessBase"]
[PlyCount "48"]
[EventDate "2022.07.12"]
[EventType "team-tourn"]
[EventCountry "GRE"]
[SourceTitle "playchess.com"]
[Source "ChessBase"]
[SourceQuality "1"]
[WhiteTeam "Hungary"]
[BlackTeam "Sweden"]
[WhiteTeamCountry "HUN"]
[BlackTeamCountry "SWE"]
[TimeControl "40/5400+30:1800+30"]

1. c4 Nf6 2. g3 g6 3. Bg2 Bg7 4. Nc3 O-O 5. Nf3 d6 6. O-O Nc6 7. d4 Bd7 8. d5 Na5 9. Qd3 c5 10. e4 a6 11. Bg5 Ng4 12. Rae1 b5 13. b3 Rb8 14. h3 Ne5 15. Nxe5 Bxe5 16. cxb5 axb5 17. f4 Bf6 18. Bh6 Bd4+ 19. Kh2 Re8 20. b4 Nc4 21. e5 dxe5 22. bxc5 Bf5 23. Ne4 Qxd5 24. fxe5 Bg1+ 0-1

[Event "EYTCC Open U18 2022"]
[Site "Thessaloniki"]
[Date "2022.07.13"]
[Round "2.6"]
[White "Olsson, William"]
[Black "Juhasz, Agoston"]
[Result "0-1"]
[ECO "A20"]
[WhiteElo "2284"]
[BlackElo "2344"]
[Annotator "ChessBase"]
[PlyCount "180"]
[EventDate "2022.07.12"]
[EventType "team-tourn"]
[EventCountry "GRE"]
[SourceTitle "playchess.com"]
[Source "ChessBase"]
[SourceQuality "1"]
[WhiteTeam "Sweden"]
[BlackTeam "Hungary"]
[WhiteTeamCountry "SWE"]
[BlackTeamCountry "HUN"]
[TimeControl "40/5400+30:1800+30"]

1. c4 e5 2. g3 Nf6 3. Bg2 c6 4. Nf3 e4 5. Nd4 Qb6 6. e3 d5 7. cxd5 cxd5 8. d3 Nc6 9. dxe4 Bb4+ 10. Nc3 Nxe4 11. Bd2 Nxd4 12. exd4 O-O 13. Nxe4 dxe4 14. Bc3 Be6 15. O-O Bd5 16. Qh5 f5 17. g4 g6 18. Qg5 Rae8 19. Rfe1 Be7 20. Qd2 Bd6 21. Ba5 Qb5 22. a4 Qd7 23. Bb4 Bxb4 24. Qxb4 f4 25. Qb5 Bc6 26. Qc4+ Bd5 27. Qb5 Bc6 28. Qc4+ Kh8 29. h3 h5 30. Rad1 Bd5 31. Qb5 Qxb5 32. axb5 f3 33. Bf1 Kg7 34. gxh5 gxh5 35. Rc1 Kf6 36. Rc5 Rg8+ 37. Kh2 Ke6 38. Bc4 Bxc4 39. Rxe4+ Kd7 40. Rxe8 Kxe8 41. Rxc4 Rg2+ 42. Kh1 Rxf2 43. Kg1 Rxb2 44. Ra4 Rxb5 45. Rxa7 Rb2 46. Ra8+ Ke7 47. Rh8 b5 48. Rxh5 b4 49. Rf5 Rg2+ 50. Kh1 b3 51. Rxf3 b2 52. Kxg2 b1=Q 53. Rf4 Ke6 54. d5+ Ke5 55. Rg4 Kf5 56. d6 Qc2+ 57. Kg1 Qd3 58. Kg2 Qe2+ 59. Kg1 Qf3 60. Kh2 Qf2+ 61. Kh1 Qd2 62. Kg1 Qxd6 63. Kg2 Qd1 64. Kh2 Qf1 65. Kg3 Qg1+ 66. Kf3 Qh2 67. Rg3 Ke5 68. h4 Qxh4 69. Kg2 Kf4 70. Rf3+ Kg4 71. Re3 Qh5 72. Kf2 Qc5 73. Ke2 Qc2+ 74. Ke1 Kf4 75. Rh3 Qg2 76. Rc3 Ke4 77. Kd1 Kd4 78. Rb3 Qf2 79. Ra3 Kc4 80. Kc1 Qe2 81. Kb1 Qd2 82. Ra6 Qe1+ 83. Kb2 Qf2+ 84. Ka3 Qe3+ 85. Ka2 Kb4 86. Rd6 Qe2+ 87. Kb1 Qe4+ 88. Ka2 Qg2+ 89. Kb1 Qg1+ 90. Kc2 Qc5+ 0-1

[Event "EYTCC Open U18 2022"]
[Site "Thessaloniki"]
[Date "2022.07.13"]
[Round "2.7"]
[White "Palczert, Matyas"]
[Black "Falkevall, Axel"]
[Result "1-0"]
[ECO "B90"]
[WhiteElo "2321"]
[BlackElo "2275"]
[Annotator "ChessBase"]
[PlyCount "93"]
[EventDate "2022.07.12"]
[EventType "team-tourn"]
[EventCountry "GRE"]
[SourceTitle "playchess.com"]
[Source "ChessBase"]
[SourceQuality "1"]
[WhiteTeam "Hungary"]
[BlackTeam "Sweden"]
[WhiteTeamCountry "HUN"]
[BlackTeamCountry "SWE"]
[TimeControl "40/5400+30:1800+30"]

1. e4 c5 2. Nf3 d6 3. d4 cxd4 4. Nxd4 Nf6 5. Nc3 a6 6. Qf3 g6 7. h3 Bg7 8. Be3 O-O 9. O-O-O Nc6 10. g4 Bd7 11. Qg2 b5 12. f4 b4 13. Nd5 a5 14. Nxf6+ Bxf6 15. e5 Nxd4 16. Bxd4 dxe5 17. fxe5 Bg5+ 18. Kb1 Be6 19. Be2 Qc7 20. h4 Bh6 21. Qf2 a4 22. Bd3 Rfc8 23. h5 Bg7 24. hxg6 hxg6 25. Qh2 b3 26. cxb3 axb3 27. a3 Ra4 28. Rc1 Qb7 29. Rxc8+ Qxc8 30. Be3 Qd7 31. Bxg6 fxg6 32. Qh7+ Kf7 33. Rf1+ Bf5+ 34. Ka1 Rxg4 35. Bh6 Qd3 36. Qxg7+ Ke8 37. Qg8+ Kd7 38. Rc1 Qa6 39. Qd5+ Ke8 40. Qg8+ Kd7 41. Rd1+ Kc7 42. Qd8+ Kc6 43. Qe8+ Kb7 44. Qxe7+ Ka8 45. Be3 Ra4 46. Qc5 Qc4 47. Rd8+ 1-0

[Event "EYTCC Open U18 2022"]
[Site "Thessaloniki"]
[Date "2022.07.13"]
[Round "2.7"]
[White "Atis, Hasan"]
[Black "Veljanoski, Andrej"]
[Result "*"]
[ECO "B54"]
[WhiteElo "1956"]
[BlackElo "2162"]
[Annotator "ChessBase"]
[PlyCount "24"]
[EventDate "2022.07.12"]
[EventType "team-tourn"]
[EventCountry "GRE"]
[SourceTitle "playchess.com"]
[Source "ChessBase"]
[SourceQuality "1"]
[WhiteTeam "Turkey"]
[BlackTeam "Macedonia"]
[WhiteTeamCountry "TUR"]
[BlackTeamCountry "MKD"]
[TimeControl "40/5400+30:1800+30"]

1. e4 c5 2. Nf3 d6 3. d4 cxd4 4. Nxd4 Nf6 5. Nc3 a6 6. Qf3 g6 7. h3 Bg7 8. Be3 O-O 9. O-O-O Nc6 10. g4 Bd7 11. Qg2 b5 12. f4 b4 *

[Event "EYTCC Open U18 2022"]
[Site "Thessaloniki"]
[Date "2022.07.13"]
[Round "2.8"]
[White "Soderstrom, Adrian"]
[Black "Pasztor, Balazs"]
[Result "1-0"]
[ECO "D31"]
[WhiteElo "2292"]
[BlackElo "2336"]
[Annotator "ChessBase"]
[PlyCount "159"]
[EventDate "2022.07.12"]
[EventType "team-tourn"]
[EventCountry "GRE"]
[SourceTitle "playchess.com"]
[Source "ChessBase"]
[SourceQuality "1"]
[WhiteTeam "Sweden"]
[BlackTeam "Hungary"]
[WhiteTeamCountry "SWE"]
[BlackTeamCountry "HUN"]
[TimeControl "40/5400+30:1800+30"]

1. d4 d5 2. c4 e6 3. Nc3 c6 4. e4 dxe4 5. Nxe4 Bb4+ 6. Bd2 Qxd4 7. Bxb4 Qxe4+ 8. Be2 Na6 9. Ba5 b6 10. Qd6 Bd7 11. Bc3 f6 12. Nf3 Nh6 13. Rd1 Rd8 14. Qa3 Bc8 15. Rxd8+ Kxd8 16. Qd6+ Bd7 17. Nd2 Qf5 18. Qa3 Bc8 19. Qd6+ Bd7 20. Qa3 Bc8 21. O-O c5 22. Bf3 Ke7 23. Ne4 Ng4 24. b4 Ne5 25. Bxe5 Qxe5 26. b5 Nb8 27. Qxa7+ Nd7 28. Rd1 Qb8 29. Qxb8 Nxb8 30. a4 Rd8 31. Rxd8 Kxd8 32. a5 bxa5 33. Nxc5 Kc7 34. Na4 e5 35. c5 Bf5 36. Nc3 e4 37. Bd1 Be6 38. Nxe4 Bd5 39. Nc3 Bc4 40. Ba4 Nd7 41. b6+ Nxb6 42. cxb6+ Kxb6 43. Bc2 Kc5 44. f4 Kb4 45. Nb1 a4 46. Kf2 a3 47. Nxa3 Kxa3 48. Ke3 Kb4 49. Kd4 h6 50. h4 g5 51. fxg5 fxg5 52. h5 Be2 53. Bg6 Bd1 54. Be8 Be2 55. Bf7 Bd1 56. Ke5 Kc5 57. Kf6 Kd6 58. Bg6 Be2 59. Kg7 Ke7 60. Kxh6 Kf8 61. Kxg5 Kg7 62. Be4 Bf1 63. g3 Be2 64. Bf5 Bd1 65. Bg4 Ba4 66. Be2 Bc6 67. h6+ Kh8 68. Bd3 Ba4 69. Kf4 Bd1 70. Be4 Bh5 71. Bf3 Be8 72. g4 Kg8 73. g5 Bf7 74. Ke5 Bb3 75. Bd5+ Bxd5 76. Kxd5 Kh7 77. Ke6 Kg8 78. g6 Kf8 79. Kf6 Kg8 80. g7 1-0

[Event "EYTCC Open U18 2022"]
[Site "Thessaloniki"]
[Date "2022.07.13"]
[Round "2.8"]
[White "Stoimenidis, Dimitrios"]
[Black "Herega, Nejc"]
[Result "*"]
[ECO "D31"]
[WhiteElo "1993"]
[BlackElo "2160"]
[Annotator "ChessBase"]
[PlyCount "33"]
[EventDate "2022.07.12"]
[EventType "team-tourn"]
[EventCountry "GRE"]
[SourceTitle "playchess.com"]
[Source "ChessBase"]
[SourceQuality "1"]
[WhiteTeam "Greece"]
[BlackTeam "Slovenia"]
[WhiteTeamCountry "GRE"]
[BlackTeamCountry "SLO"]
[TimeControl "40/5400+30:1800+30"]

1. d4 d5 2. c4 e6 3. Nc3 c6 4. e4 dxe4 5. Nxe4 Bb4+ 6. Bd2 Qxd4 7. Bxb4 Qxe4+ 8. Be2 Na6 9. Ba5 b6 10. Qd6 Bd7 11. Bc3 f6 12. Nf3 Nh6 13. Rd1 Rd8 14. Qa3 Bc8 15. Rxd8+ Kxd8 16. Qd6+ Bd7 17. Nd2 *

[Event "EYTCC Open U18 2022"]
[Site "Thessaloniki"]
[Date "2022.07.13"]
[Round "2.9"]
[White "Morgunov, Marc"]
[Black "Budisavljevic, Luka"]
[Result "0-1"]
[ECO "C08"]
[WhiteElo "2376"]
[BlackElo "2511"]
[Annotator "ChessBase"]
[PlyCount "118"]
[EventDate "2022.07.12"]
[EventType "team-tourn"]
[EventCountry "GRE"]
[SourceTitle "playchess.com"]
[Source "ChessBase"]
[SourceQuality "1"]
[WhiteTeam "Austria"]
[BlackTeam "Serbia"]
[WhiteTeamCountry "AUT"]
[BlackTeamCountry "SRB"]
[TimeControl "40/5400+30:1800+30"]

1. e4 e6 2. d4 d5 3. Nd2 c5 4. exd5 exd5 5. Bb5+ Bd7 6. Bxd7+ Nxd7 7. Ngf3 Ngf6 8. O-O Be7 9. dxc5 Nxc5 10. Nb3 Nce4 11. Bf4 O-O 12. Qd3 Nd6 13. Bxd6 Bxd6 14. Rad1 Qb6 15. Qd4 Qc7 16. c3 a5 17. a4 Ra6 18. h3 Rb6 19. Nfd2 Bf4 20. Qc5 Qxc5 21. Nxc5 Rxb2 22. Nd3 Rxd2 23. Nxf4 Rxd1 24. Rxd1 Rd8 25. c4 d4 26. Nd5 Kf8 27. Rxd4 Nxd5 28. cxd5 Ke7 29. Rd2 Rb8 30. Rb2 b5 31. axb5 Rb6 32. Kf1 Kd6 33. Ke2 Kxd5 34. Rd2+ Kc5 35. Rd7 Re6+ 36. Kd3 Rf6 37. f3 Kxb5 38. Rb7+ Kc5 39. Kc3 h5 40. Ra7 Kb6 41. Rd7 Kc6 42. Ra7 Rf5 43. Kd4 h4 44. Kc4 Rf4+ 45. Kc3 Rf5 46. Kc4 g6 47. Kd4 Kd6 48. Ra6+ Ke7 49. Ra7+ Kf6 50. Ra6+ Kg5 51. Ke4 f6 52. Ke3 Re5+ 53. Kf2 Rb5 54. g4 f5 55. f4+ Kxf4 56. Rxg6 Rb2+ 57. Ke1 a4 58. Ra6 Ke3 59. Re6+ Kf3 0-1

[Event "EYTCC Open U18 2022"]
[Site "Thessaloniki"]
[Date "2022.07.13"]
[Round "2.9"]
[White "Ratnesan, Ranesh"]
[Black "Betsakou, Sofia"]
[Result "*"]
[ECO "C08"]
[WhiteElo "2269"]
[BlackElo "1412"]
[Annotator "ChessBase"]
[PlyCount "28"]
[EventDate "2022.07.12"]
[EventType "team-tourn"]
[EventCountry "GRE"]
[SourceTitle "playchess.com"]
[Source "ChessBase"]
[SourceQuality "1"]
[WhiteTeam "England"]
[BlackTeam "Greece"]
[WhiteTeamCountry "ENG"]
[BlackTeamCountry "GRE"]
[TimeControl "40/5400+30:1800+30"]

1. e4 e6 2. d4 d5 3. Nd2 c5 4. exd5 exd5 5. Bb5+ Bd7 6. Bxd7+ Nxd7 7. Ngf3 Ngf6 8. O-O Be7 9. dxc5 Nxc5 10. Nb3 Nce4 11. Bf4 O-O 12. Qd3 Nd6 13. Bxd6 Bxd6 14. Rad1 Qb6 *

[Event "EYTCC Open U18 2022"]
[Site "Thessaloniki"]
[Date "2022.07.13"]
[Round "2.10"]
[White "Tadic, Stefan"]
[Black "Kristoferitsch, Daniel"]
[Result "1/2-1/2"]
[ECO "B40"]
[WhiteElo "2356"]
[BlackElo "2312"]
[Annotator "ChessBase"]
[PlyCount "104"]
[EventDate "2022.07.12"]
[EventType "team-tourn"]
[EventCountry "GRE"]
[SourceTitle "playchess.com"]
[Source "ChessBase"]
[SourceQuality "1"]
[WhiteTeam "Serbia"]
[BlackTeam "Austria"]
[WhiteTeamCountry "SRB"]
[BlackTeamCountry "AUT"]
[TimeControl "40/5400+30:1800+30"]

1. e4 c5 2. Nf3 e6 3. c3 d5 4. exd5 Qxd5 5. d4 Nf6 6. Na3 Nc6 7. Nc2 Be7 8. Bd3 cxd4 9. cxd4 Nb4 10. Nxb4 Bxb4+ 11. Kf1 O-O 12. h4 Rd8 13. Qe2 Bd7 14. Bg5 Be7 15. Bc4 Qd6 16. Ne5 a6 17. Rd1 Bb5 18. Rh3 Bxc4 19. Nxc4 Qc6 20. Ne5 Qa4 21. b3 Qb4 22. Nc4 Qb5 23. a4 Qc6 24. Ne5 Qd5 25. Rg3 Re8 26. Bh6 Bf8 27. Rdd3 Qe4 28. Qf3 Qxf3 29. Rgxf3 Be7 30. Bd2 h5 31. Bg5 Red8 32. Ke2 Rd5 33. Nc4 Rad8 34. Be3 b5 35. axb5 axb5 36. Ne5 Rc8 37. Kd1 Bd6 38. Bg5 Bxe5 39. dxe5 Rxd3+ 40. Rxd3 Nd5 41. Bd2 f6 42. exf6 gxf6 43. f3 Kf7 44. g4 Rh8 45. gxh5 Rxh5 46. Rd4 Kg6 47. Ke2 Kf5 48. Bc1 Rh8 49. Kf2 Rc8 50. Bd2 Rh8 51. Bc1 Rc8 52. Bd2 Rh8 1/2-1/2

[Event "EYTCC Open U18 2022"]
[Site "Thessaloniki"]
[Date "2022.07.13"]
[Round "2.11"]
[White "Stepanencu, Nicodim-Cosmin"]
[Black "Rozen, Eytan"]
[Result "*"]
[ECO "D85"]
[WhiteElo "2277"]
[BlackElo "2465"]
[Annotator "ChessBase"]
[PlyCount "21"]
[EventDate "2022.07.12"]
[EventType "team-tourn"]
[EventCountry "GRE"]
[SourceTitle "playchess.com"]
[Source "ChessBase"]
[SourceQuality "1"]
[WhiteTeam "Romania"]
[BlackTeam "Israel"]
[WhiteTeamCountry "ROU"]
[BlackTeamCountry "ISR"]
[TimeControl "40/5400+30:1800+30"]

1. d4 Nf6 2. c4 g6 3. Nc3 d5 4. cxd5 Nxd5 5. e4 Nxc3 6. bxc3 Bg7 7. Bc4 O-O 8. Ne2 Nc6 9. Be3 b6 10. Qd2 Bb7 11. h4 *

[Event "EYTCC Open U18 2022"]
[Site "Thessaloniki"]
[Date "2022.07.13"]
[Round "2.11"]
[White "Marakovits, Nico"]
[Black "Ivanovic, Marko"]
[Result "0-1"]
[ECO "D86"]
[WhiteElo "2259"]
[BlackElo "2310"]
[Annotator "ChessBase"]
[PlyCount "102"]
[EventDate "2022.07.12"]
[EventType "team-tourn"]
[EventCountry "GRE"]
[SourceTitle "playchess.com"]
[Source "ChessBase"]
[SourceQuality "1"]
[WhiteTeam "Austria"]
[BlackTeam "Serbia"]
[WhiteTeamCountry "AUT"]
[BlackTeamCountry "SRB"]
[TimeControl "40/5400+30:1800+30"]

1. d4 Nf6 2. c4 g6 3. Nc3 d5 4. cxd5 Nxd5 5. e4 Nxc3 6. bxc3 Bg7 7. Bc4 O-O 8. Ne2 Nc6 9. Be3 b6 10. Qd2 Bb7 11. h4 Na5 12. Bd3 e5 13. h5 exd4 14. Bxd4 Qe7 15. Qe3 Rfe8 16. Bxg7 Kxg7 17. hxg6 fxg6 18. Qd4+ Qe5 19. Qd7+ Re7 20. Qh3 Kg8 21. f4 Qc5 22. e5 Rf8 23. Rd1 Bd5 24. Qg3 Bxa2 25. Be4 Nc6 26. Bxc6 Qxc6 27. O-O Bc4 28. Nd4 Qe4 29. Rde1 Qd5 30. Rf2 c5 31. Nf3 b5 32. Qg5 Qf7 33. Nh4 Qg7 34. Re3 Be6 35. g4 b4 36. cxb4 cxb4 37. Kh2 Ref7 38. f5 gxf5 39. Qxg7+ Kxg7 40. gxf5 Bxf5 41. e6 Bxe6 42. Rg2+ Kf6 43. Rf2+ Kg5 44. Nf3+ Rxf3 45. Rfxf3 Rxf3 46. Rxf3 a5 47. Re3 Kf5 48. Rh3 b3 49. Rxh7 a4 50. Ra7 b2 51. Rb7 Bb3 0-1

[Event "EYTCC Open U18 2022"]
[Site "Thessaloniki"]
[Date "2022.07.13"]
[Round "2.12"]
[White "Ben Ari, Yannay"]
[Black "Antonica, Dragos-Andrei"]
[Result "*"]
[ECO "C50"]
[WhiteElo "2411"]
[BlackElo "2355"]
[Annotator "ChessBase"]
[PlyCount "20"]
[EventDate "2022.07.12"]
[EventType "team-tourn"]
[EventCountry "GRE"]
[SourceTitle "playchess.com"]
[Source "ChessBase"]
[SourceQuality "1"]
[WhiteTeam "Israel"]
[BlackTeam "Romania"]
[WhiteTeamCountry "ISR"]
[BlackTeamCountry "ROU"]
[TimeControl "40/5400+30:1800+30"]

1. e4 e5 2. Nf3 Nc6 3. Bc4 Bc5 4. O-O d6 5. d3 Nf6 6. c3 a6 7. Bb3 Ba7 8. Re1 h6 9. Nbd2 Ng4 10. Re2 g5 *

[Event "EYTCC Open U18 2022"]
[Site "Thessaloniki"]
[Date "2022.07.13"]
[Round "2.12"]
[White "Ljepic, Andrej"]
[Black "Pilshofer, Paul"]
[Result "1-0"]
[ECO "C50"]
[WhiteElo "2234"]
[BlackElo "2223"]
[Annotator "ChessBase"]
[PlyCount "69"]
[EventDate "2022.07.12"]
[EventType "team-tourn"]
[EventCountry "GRE"]
[SourceTitle "playchess.com"]
[Source "ChessBase"]
[SourceQuality "1"]
[WhiteTeam "Serbia"]
[BlackTeam "Austria"]
[WhiteTeamCountry "SRB"]
[BlackTeamCountry "AUT"]
[TimeControl "40/5400+30:1800+30"]

1. e4 e5 2. Nf3 Nc6 3. Bc4 Bc5 4. O-O d6 5. d3 Nf6 6. c3 a6 7. Bb3 Ba7 8. Re1 h6 9. Nbd2 Ng4 10. Re2 g5 11. Nf1 Qf6 12. h3 Nxf2 13. Rxf2 Bxf2+ 14. Kxf2 g4 15. hxg4 Rg8 16. Ne3 Ne7 17. Qh1 Bd7 18. Qh5 Qg7 19. Bd2 Bxg4 20. Nxg4 Qxg4 21. Bxf7+ Kd7 22. Qxg4+ Rxg4 23. Bh5 Rgg8 24. Bxh6 Rh8 25. Bg4+ Kc6 26. Be3 Rag8 27. Bh3 Rg7 28. d4 Ng6 29. d5+ Kb5 30. Rc1 Kc4 31. b3+ Kb5 32. a4+ Ka5 33. Ra1 c5 34. dxc6 bxc6 35. b4# 1-0

[Event "EYTCC Open U18 2022"]
[Site "Thessaloniki"]
[Date "2022.07.13"]
[Round "2.13"]
[White "Deuer, Marius"]
[Black "Yaniv, Yuval"]
[Result "1-0"]
[ECO "B52"]
[WhiteElo "2338"]
[BlackElo "2305"]
[Annotator "ChessBase"]
[PlyCount "131"]
[EventDate "2022.07.12"]
[EventType "team-tourn"]
[EventCountry "GRE"]
[SourceTitle "playchess.com"]
[Source "ChessBase"]
[SourceQuality "1"]
[WhiteTeam "Germany"]
[BlackTeam "Israel"]
[WhiteTeamCountry "GER"]
[BlackTeamCountry "ISR"]
[TimeControl "40/5400+30:1800+30"]

1. e4 c5 2. Nf3 d6 3. Bb5+ Bd7 4. Bxd7+ Nxd7 5. O-O Ngf6 6. Qe2 e6 7. b3 g6 8. Bb2 Bg7 9. c4 O-O 10. d4 cxd4 11. Nxd4 d5 12. e5 Ne4 13. cxd5 exd5 14. f3 Nxe5 15. fxe4 dxe4 16. Qxe4 Re8 17. Nd2 Nc4 18. Qxe8+ Qxe8 19. Nxc4 b5 20. Rfe1 Bxd4+ 21. Bxd4 Qd7 22. Bf2 bxc4 23. bxc4 Rd8 24. c5 g5 25. Rac1 Qc6 26. Rcd1 Rxd1 27. Rxd1 f5 28. h3 f4 29. Rd6 Qc7 30. Bd4 Qe7 31. Kf2 h5 32. Kf3 Kh7 33. h4 gxh4 34. Kxf4 Qe2 35. c6 Qg4+ 36. Ke5 Qxg2 37. c7 Qc2 38. Rd7+ Kg6 39. Kd6 h3 40. Bc5 Qd2+ 41. Kc6 Qg2+ 42. Rd5 h2 43. c8=Q Qxd5+ 44. Kxd5 h1=Q+ 45. Kd6 Qh2+ 46. Ke7 Qh4+ 47. Kd7 Qg4+ 48. Kd8 Qg5+ 49. Ke8 Qe5+ 50. Be7 Qh8+ 51. Kd7 Qd4+ 52. Bd6 Qg7+ 53. Kc6 Qc3+ 54. Bc5 Qf3+ 55. Kc7 Qf7+ 56. Qd7 Qxa2 57. Qd3+ Kg5 58. Be7+ Kg4 59. Qe4+ Kh3 60. Qf3+ Kh2 61. Bd6+ Kg1 62. Bc5+ Kh2 63. Qxh5+ Kg2 64. Qg4+ Kh2 65. Bd6+ Kh1 66. Qh3+ 1-0